AoeStats
← tr3tr2tr1

Black Forest

510322656Analyzed
2v2 RM · 1d ago on Sep 30, 2026· 80m 18s· 4 players
Game mode
Random Map
Map size
Medium (4 player)
Population
200
Speed
Normal
Resources
Standard
Victory
Conquest
Starting age
Dark Age
Ending age
Imperial Age
RankedLock teamsTeams togetherTeam positionsShared explorationLock speedFull tech treeHidden civsTurbo modeCheats
Victory
Defeat
🇹🇷 Khmer · Türkiye
848
+27
🇦🇹 Italians · Austria
817
+16
🇲🇦 Koreans · Morocco
871
-17
🇫🇷 Turks · France
779
-14
tr3tr2tr1
13:38 Feudal Age
15:57 Feudal Age
18:43 Castle Age
16:30 Horse Collar
16:39 Double-Bit Axe
17:33 Stone Mining
17:37 Gold Mining
20:30 Forging
21:11 Bow Saw
21:55 Iron Casting
22:54 Stone Shaft Mining
24:50 Heavy Plow
28:06 Gold Shaft Mining
29:57 Wheelbarrow
33:44 Imperial Age
32:48 Hand Cart
32:19 Town Watch
35:29 Chemistry
35:06 Crop Rotation
34:10 Elite Ballista Elephant
36:10 Tusk Swords
36:12 Onager
37:30 Double Crossbow
38:00 Town Patrol
38:18 Caravan
58:12 Heavy Scorpion
61:41 Husbandry
61:01 Cavalier
63:34 Blast Furnace
62:40 Scale Barding Armor
63:36 Bloodlines
Not at work4898
0:33 Loom
12:58 Feudal Age
13:42 Double-Bit Axe
19:05 Horse Collar
23:05 Castle Age
23:23 Crossbowman
24:10 Thumb Ring
24:31 Bow Saw
24:48 Heavy Plow
32:27 Imperial Age
30:58 Silk Road
30:39 Fletching
31:24 Bodkin Arrow
31:30 Padded Archer Armor
32:19 Caravan
34:04 Crop Rotation
35:31 Chemistry
36:16 Two-Man Saw
36:20 Ballistics
35:56 Arrowslits
36:52 Conscription
36:48 Town Watch
37:25 Murder Holes
37:51 Arbalester
39:38 Leather Archer Armor
40:11 Bracer
40:56 Wheelbarrow
41:41 Hoardings
43:30 Ring Archer Armor
44:22 Squires
44:08 Arson
45:27 Onager
46:43 Bombard Tower
60:14 Elite Genoese Crossbowman
61:05 Pirotechnia
61:49 Fortified Wall
61:55 Masonry
71:35 Forging
71:25 Scale Mail Armor
73:51 Iron Casting
73:31 Chain Mail Armor
78:02 Blast Furnace
77:32 Plate Mail Armor
Lazy Red Panda
13:31 Feudal Age
15:21 Horse Collar
15:28 Double-Bit Axe
24:20 Town Watch
27:14 Castle Age
25:49 Stone Mining
28:36 Fletching
28:47 Padded Archer Armor
30:23 Murder Holes
31:42 Bodkin Arrow
32:03 Leather Archer Armor
32:11 Ballistics
32:02 Fortified Wall
31:52 Gold Mining
37:26 Imperial Age
36:27 Caravan
37:20 Forging
37:17 Scale Barding Armor
38:41 Bombard Tower
39:06 Arrowslits
39:43 Bow Saw
42:22 Two-Man Saw
41:26 Heavy Plow
42:10 Wheelbarrow
41:45 Squires
42:19 Ring Archer Armor
42:58 Heated Shot
43:20 Masonry
44:49 Elite Janissary
45:50 Sipahi
47:55 Guard Tower
nyx
0:29 Loom
12:48 Feudal Age
16:41 Castle Age
16:19 Double-Bit Axe
19:35 Gold Mining
19:36 Stone Mining
21:05 Horse Collar
23:01 Gold Shaft Mining
26:33 Wheelbarrow
29:50 Imperial Age
28:53 Fortified Wall
29:48 Hand Cart
31:31 Chemistry
31:13 Bow Saw
31:17 Stone Mining
31:58 Conscription
32:30 Heavy Plow
35:01 Caravan
36:24 Eupseong
38:01 Arrowslits
38:36 Ballistics
40:46 Heavy Rocket Cart
42:29 Siege Engineers
44:43 Two-Man Saw
44:42 Treadmill Crane
45:37 Scale Barding Armor
45:43 Forging
45:12 Light Cavalry
46:09 Husbandry
46:21 Hussar
47:26 Chain Barding Armor
47:44 Iron Casting
53:47 Shinkichon
52:52 Elite War Wagon
56:46 Fletching
67:05 Scale Mail Armor
67:01 Bodkin Arrow
66:31 Pikeman
67:41 Halberdier
68:24 Squires
70:08 Chain Mail Armor
Connection lost

Rejoining the realm…

Still unreachable

The connection could not be restored.

Session expired

The server has moved on; the page needs a fresh start.